 Dungeon Crawl Stone Soup version 0.25-a0-50-gf0389da217 (webtiles) character file.

Game seed: 12044654486664100414, levelgen mode: deterministic

3047 Arixos the Grave Robber (level 9, -1/62 HPs)
             Began as an Octopode Necromancer on Oct 24, 2019.
             Was a Believer of Ru.
             Slain by a troll (10 damage)
             ... on level 9 of the Dungeon.
             The game lasted 00:36:19 (10819 turns).

Arixos the Grave Robber (Octopode Necromancer)     Turns: 10819, Time: 00:36:20

Health: -1/62      AC:  1    Str:  7    XL:     9   Next: 87%
Magic:  9/18       EV: 16    Int: 20    God:    Ru [**....]
Gold:   441        SH:  0    Dex: 13    Spells: 9/20 levels left

rFire    . . .     SeeInvis .   j - +2 flail (crush)
rCold    . . .     Gourm    +   (no shield)
rNeg     . . .     Faith    .   (helmet restricted)
rPois    .         Spirit   .   u - amulet of the gourmand
rElec    .         Reflect  .   (no ring)
rCorr    .         Harm     .   (no ring)
MR       .....                  (no ring)
Stlth    ..........             (no ring)
HPRegen  0.20/turn              (no ring)
MPRegen  0.16/turn              (no ring)
                                (no ring)
                                (no ring)

@: no scrolls
A: almost no armour, stealthy swim, amphibious, 8 rings, constrict 8, camouflage
1, gelatinous body 1, inability to read while threatened, no stealth
a: Renounce Religion


You were on level 9 of the Dungeon.
You worshipped Ru.
Ru was pleased with you.
You were completely stuffed.

You visited 2 branches of the dungeon, and saw 10 of its levels.

You collected 441 gold pieces.

Inventory:

Hand Weapons
 j - a +2 flail of crushing (weapon)
Missiles
 m - 12 poisoned darts
 r - 6 curare-tipped darts (quivered)
Jewellery
 u - an amulet of the gourmand (around mantle)
Scrolls
 a - a scroll of teleportation
 c - 5 scrolls of identify
 h - 4 scrolls of magic mapping
 n - 6 scrolls of remove curse
 p - 2 scrolls of blinking {unknown}
 q - a scroll of enchant weapon
 s - a scroll of amnesia {unknown}
Potions
 d - 2 potions of curing
 e - a potion of heal wounds {unknown}
 f - a potion of magic {unknown}
 g - a potion of mutation {unknown}
 i - a potion of brilliance {unknown}
 k - a potion of might {unknown}
 l - 2 potions of lignification {unknown}
 o - a potion of agility {unknown}
 t - a potion of ambrosia {unknown}
Comestibles
 b - 10 rations


   Skills:
 + Level 6.1 Fighting
 + Level 6.6 Dodging
 + Level 6.1 Spellcasting
 - Level 4.0 Charms
 + Level 7.6 Necromancy


You had 9 spell levels left.
You knew the following spells:

 Your Spells              Type           Power        Failure   Level  Hunger
a - Pain                  Necr           ####         1%          1    None
d - Vampiric Draining     Necr           #####.....   1%          3    ##.....
r - Regeneration          Chrm/Necr      ####......   2%          3    ##.....
A - Animate Dead          Necr           N/A          4%          4    ####...

Your spell library contained the following spells:

 Spells                   Type           Power        Failure   Level  Hunger
 Animate Skeleton         Necr           N/A          1%          1    None


Dungeon Overview and Level Annotations

Branches:
Dungeon (9/15)             Temple (1/1) D:5
   Lair: D:8-11         Orc: D:9-12

Altars:
Ashenzari
Cheibriados
Dithmenos
Fedhas
Gozag
Hepliaklqana
Kikubaaqudgha
Makhleb
Nemelex Xobeh
Okawaru
Qazlal
Ru
Sif Muna
Trog
Uskayaw
Vehumet
Wu Jian
Xom
Yredelemnul
Zin
The Shining One
Beogh

Annotations:
D:3 1 runed translucent door, topfpfpflanze's ghost, weakling DEFE


Innate Abilities, Weirdness & Mutations

You cannot wear most types of armour.
You are very stealthy in the water. (Stealth+)
You are amphibious.
You can wear up to eight rings at the same time.
You can use your tentacles to constrict eight enemies at once.
Your skin changes colour to match your surroundings (Stealth+).
Your rubbery body absorbs attacks. (AC +1, EV +1)
You cannot read scrolls while threatened.
You cannot be stealthy.


Message History

Aiming: Vampiric Draining (safe; 1% risk of failure)
Press: ? - help, Shift-Dir - straight line, f/p - troll
Aim: a troll (moderately wounded)
The troll is heavily wounded.
You feel life coursing into your body.
You constrict the orc. The troll completely misses you. The troll claws you!
* * * LOW HITPOINT WARNING * * *
You focus your will and illuminate the troll in retribution!
The troll barely misses you. The orc barely misses you.
Casting: Vampiric Draining (safe; 1% risk of failure)
Confirm with . or Enter, or press ? or * to list all spells.
Aiming: Vampiric Draining (safe; 1% risk of failure)
Press: ? - help, Shift-Dir - straight line, f/p - troll
Aim: a troll (heavily wounded, softly glowing)
The troll is severely wounded.
You feel life coursing into your body.
You constrict the orc. The troll barely misses you. The troll claws you.
* * * LOW HITPOINT WARNING * * *
The troll claws you!
You die...

##################
...............)#
...............#
#..##....##..##
#####..##....##..##
....#.........#.@.#
....#..##....##oT.+
....#..####+###...#
.<.##..# #.)##
...##..##... #..#
............. ....
............. ....
.............##..#
+####..##....


You could see a troll and an orc.

Vanquished Creatures
  A hippogriff (D:7)
  A spriggan (D:7)
  A hungry ghost (D:8)
  Menkaure (D:7)
  A water moccasin (D:6)
  2 eyes of draining (D:8)
  2 orc warriors
  6 ogres
  3 bullfrogs (D:6)
  A wyvern skeleton (D:7)
  A scorpion (D:5)
  2 howler monkeys (D:6)
  3 crimson imps
  2 bullfrog zombies
  A bullfrog skeleton (D:5)
  2 jellies (D:7)
  5 orc priests
  A hound (D:2)
  3 orc wizards
  2 iguanas
  9 worker ants
  7 gnolls
  16 adders
  A shadow imp (D:5)
  An ooze (D:3)
  2 adder zombies
  2 dart slugs
  6 leopard geckos
  23 orcs
  7 giant cockroaches
  7 goblins
  3 hobgoblins
  12 jackals
  5 quokkas
  2 ball pythons
  4 bats
  6 frilled lizards
  10 kobolds
  A leopard gecko skeleton (D:5)
  8 rats
173 creatures vanquished.

Vanquished Creatures (others)
  2 withered plants (D:3)
2 creatures vanquished.

Grand Total: 175 creatures vanquished

Notes
Turn   | Place    | Note
-------+----------+-------------------------------------------
     0 | D:1      | Arixos the Octopode Necromancer began the quest for the
                  | Orb.
     0 | D:1      | Reached XP level 1. HP: 11/11 MP: 3/3
   545 | D:1      | Reached XP level 2. HP: 18/18 MP: 5/5
  1086 | D:1      | Reached skill level 1 in Fighting
  1314 | D:1      | Reached XP level 3. HP: 22/23 MP: 3/6
  1319 | D:1      | Learned a level 3 spell: Regeneration
  1682 | D:2      | Reached skill level 1 in Charms
  1682 | D:2      | Reached XP level 4. HP: 26/28 MP: 4/7
  1690 | D:2      | Learned a level 3 spell: Vampiric Draining
  1693 | D:2      | Found a faded altar of an unknown god.
  1992 | D:2      | Found a snail-covered altar of Cheibriados.
  2174 | D:3      | Reached XP level 5. HP: 19/34 MP: 1/8
  3561 | D:2      | Reached XP level 6. HP: 2/39 MP: 4/10
  3838 | D:2      | Learned a level 4 spell: Animate Dead
  4130 | D:3      | Found a runed translucent door.
  4131 | D:3      | Noticed topfpfpflanze's ghost (weakling DEFE)
  4236 | D:3      | Found a roughly hewn altar of Beogh.
  4567 | D:3      | Found a burning altar of Makhleb.
  4772 | D:4      | Found a hazy altar of Hepliaklqana.
  4777 | D:4      | Found a shimmering altar of Xom.
  4777 | D:4      | Found a stormy altar of Qazlal.
  4889 | D:4      | Found a blossoming altar of Fedhas.
  5001 | D:5      | Entered Level 5 of the Dungeon
  5141 | D:5      | Reached skill level 5 in Necromancy
  5141 | D:5      | Reached XP level 7. HP: 37/45 MP: 6/11
  5182 | D:5      | Found a sacrificial altar of Ru.
  5192 | D:5      | Became a worshipper of Ru the Awakened
  5526 | D:5      | Found a staircase to the Ecumenical Temple.
  5535 | Temple   | Entered the Ecumenical Temple
  5740 | D:5      | Found an opulent altar of Gozag.
  6901 | D:6      | Reached XP level 8. HP: 44/52 MP: 10/13
  7258 | D:6      | Gained mutation: You cannot be stealthy. [Ru sacrifice]
  7744 | D:6      | Found a basalt altar of Yredelemnul.
  7749 | D:6      | Reached skill level 6 in Necromancy
  7957 | D:7      | Reached skill level 5 in Dodging
  8159 | D:7      | Noticed Menkaure
  8230 | D:7      | Killed Menkaure
  8230 | D:7      | Reached skill level 5 in Spellcasting
  8594 | D:7      | Noticed a hippogriff
  8599 | D:7      | Reached XP level 9. HP: 60/60 MP: 16/16
  8604 | D:7      | Reached skill level 5 in Fighting
  9039 | D:7      | Noticed a +0 dagger
  9040 | D:7      | Found a hide-covered altar of Uskayaw.
  9040 | D:7      | Noticed a +0 dagger
  9165 | D:7      | Reached skill level 7 in Necromancy
  9897 | D:8      | Gained mutation: You cannot read scrolls while threatened.
                  | [Ru sacrifice]
  9897 | D:8      | Reached * piety under Ru
  9897 | D:8      | Reached ** piety under Ru
 10174 | D:8      | Got a bone flail
 10175 | D:8      | Identified the cursed +1 flail "Bofann" {freeze, *Rage
                  | Int+5} (You found it on level 8 of the Dungeon)
 10452 | D:8      | Found a bloodstained altar of Trog.
 10810 | D:9      | Noticed a troll
 10819 | D:9      | Slain by a troll

Levels and vault maps discovered:
D:1:      minmay_arrival_glassed_features, layout_basic, minmay_pentomino_p2
D:2:      layout_basic, lemuel_round_altar, chequers_ecumenical_altar_island
D:3:      layout_rooms, makhleb_blood_cavern_becter, gammafunk_ghost_grave,
          kennysheep_orc_chapel
D:4:      layout_rooms, grunt_temple_overflow_open, fedhas_altar_3
D:5:      layout_gridville, nicolae_ru_awakened_eye, kennysheep_mini,
          minmay_temple_entry_large_hall, first_ration, palyth_stone_intersect
D:6:      layout_gridville, kennysheep_little_box
D:7:      layout_basic, dancing_weapons_uskayaw, kennysheep_another_room,
          the_bakery, uniq_menkaure
D:8:      layout_basic, trog_eyes_of_draining
D:9:      layout_gridville, elyvilon_altar_5, minmay_orc_entry_temple_small,
          minivault_5, minivault_8, uniq_erolcha, uniq_grum
Temple:   jpeg_temple_clearing

Skill      XL: |  1  2  3  4  5  6  7  8  9 |
---------------+----------------------------+-----
Fighting       | 1 2 3 4 6 |  6.1
Charms         | 1 2 3 4 |  4.0
Dodging        | 3 4 5 6 |  6.6
Spellcasting   | 3 5 6 |  6.1
Necromancy     | 5 6 7 |  7.6
Stealth        | 0 |  0.0

Action                   |  1- 3 |  4- 6 |  7- 9 || total
-------------------------+-------+-------+-------++-------
Melee: Dagger            |     7 |       |       ||     7
       Constrict         |     6 |    16 |    40 ||    62
       Short sword       |    16 |    45 |       ||    61
       Tentacles         |     2 |     9 |    33 ||    44
       Flail             |       |    33 |   192 ||   225
 Cast: Pain              |    40 |    73 |   104 ||   217
       Vampiric Draining |       |     7 |    23 ||    30
       Animate Dead      |       |       |     6 ||     6
       Regeneration      |       |       |     4 ||     4
Invok: Sacrifice Stealth |       |       |     1 ||     1
       Sacrifice Words   |       |       |     1 ||     1
  Use: Scroll            |     2 |     4 |     2 ||     8
       Potion            |       |       |     1 ||     1
 Stab: Sleeping          |    10 |     3 |     1 ||    14
       Distracted        |       |       |     3 ||     3
  Eat: Chunk             |     3 |     4 |    44 ||    51
       Ration            |       |     2 |     2 ||     4
Armor: Skin              |     4 |    16 |     5 ||    25
Dodge: Dodged            |    21 |    73 |   177 ||   271

Table legend:
 A = Non-vault XP
 B = Vault XP
 C = Vault XP percentage of total XP
 D = Non-vault monster count
 E = Vault monster count
 F = Vault count percentage of total count
                 A         B        C        D         E       F
            +---------+---------+-------+---------+---------+-------
      Total |    3377 |     976 |  22.4 |     159 |      14 |   8.1
            +---------+---------+-------+---------+---------+-------
        D:1 |      30 |       4 |  11.8 |      20 |       2 |   9.1
        D:2 |     264 |      40 |  13.2 |      31 |       1 |   3.1
        D:3 |      75 |      53 |  41.4 |      20 |       5 |  20.0
        D:4 |      58 |       0 |   0.0 |       6 |       0 |   0.0
        D:5 |     381 |       0 |   0.0 |      11 |       0 |   0.0
        D:6 |     902 |       0 |   0.0 |      23 |       0 |   0.0
        D:7 |    1032 |     387 |  27.3 |      35 |       2 |   5.4
        D:8 |     618 |     492 |  44.3 |      11 |       4 |  26.7
        D:9 |      17 |       0 |   0.0 |       2 |       0 |   0.0
            +---------+---------+-------+---------+---------+-------
